 Dungeon Crawl Stone Soup version 0.29.1-15-g9cfb28693d (webtiles) character file.

Game seed: 2185391701335459692

1 croobank the Firebug (level 1, 0/14 HPs)
             Began as a Demigod Fire Elementalist on Mar 16, 2023.
             Frozen to death by an endoplasm (4 damage)
             ... on level 1 of the Dungeon.
             The game lasted 00:00:49 (113 turns).

croobank the Firebug (Demigod Fire Elementalist)     Turns: 113, Time: 00:00:49

Health: 0/14       AC:  2    Str:  7 (9)  XL:     1   Next: 13%
Magic:  3/5        EV: 12    Int: 15 (17) God:
Gold:   14         SH:  0    Dex: 13 (14) Spells: 2/3 levels left

rFire   . . .      SeeInvis .   c - +0 sling
rCold   . . .      Faith    .   (no shield)
rNeg    . . .      Spirit   .   a - +0 robe
rPois   .          Reflect  .   (no helmet)
rElec   .          Harm     .   (no cloak)
rCorr   .          Rampage  .   (no gloves)
Will    .....                   (no boots)
Stlth   ++........              (no amulet)
HPRegen 0.04/turn               (no ring)
MPRegen 0.09/turn               (no ring)

@: no status effects
A: high MP 1, forlorn, divine attributes
a: no special abilities


You were on level 1 of the Dungeon.
You visited 1 branch of the dungeon, and saw 1 of its levels.

You collected 14 gold pieces.

Inventory:

Hand Weapons
 c - a +0 sling (weapon)
Armour
 a - a +0 robe (worn)
Potions
 b - a potion of magic


   Skills:
 + Level 0.0 Fighting
 + Level 1.8 Dodging
 + Level 1.8 Stealth
 + Level 1.7 Spellcasting
 + Level 0.9 Conjurations
 + Level 2.7 Fire Magic


You had 2 spell levels left.
You knew the following spells:

 Your Spells              Type           Power      Damage    Failure   Level
a - Foxfire               Conj/Fire      24%        2x1d5     11%         1

Your spell library contained the following spells:

 Spells                   Type           Power      Damage    Failure   Level
 Scorch                   Fire           18%        2d5       12%         2
 Conjure Flame            Conj/Fire      6%         6-21      32%         3
 Inner Flame              Hex/Fire       5%         N/A       36%         3
 Flame Wave               Conj/Fire      6%         2d5       71%         4


Dungeon Overview and Level Annotations

Branches:
Dungeon (1/15)


Innate Abilities, Weirdness & Mutations

You have an increased reservoir of magic. (+10% MP)
You shall have no god before yourself.
Your divine heritage dramatically boosts your attributes as you level up.


Message History

Press: ? - help, Q - select action, (/) - cycle Shift-Dir - straight line, f/p - endoplasm
Aim: an endoplasm (84% to hit)
You shoot a sling bullet.
The sling bullet barely misses the endoplasm.
The sling bullet hits the demonic plant.
The demonic plant begins to die.
The demonic plant is lightly damaged.
A nearby demonic plant withers and dies.
The frilled lizard bites the demonic plant.
The demonic plant begins to die.
The endoplasm freezes you.
You are frozen.
The endoplasm freezes you.
You are frozen.
The frilled lizard bites the demonic plant.
Fire: c) +0 sling
Press: ? - help, Q - select action, (/) - cycle Shift-Dir - straight line, f/p - endoplasm
Aim: an endoplasm (84% to hit)
You shoot a sling bullet. The sling bullet hits the endoplasm.
The endoplasm is moderately wounded.
The frilled lizard bites the demonic plant.
The endoplasm freezes you.
You are frozen.
Fire: c) +0 sling
Press: ? - help, Q - select action, (/) - cycle Shift-Dir - straight line, f/p - endoplasm
Aim: an endoplasm (moderately wounded, 84% to hit)
You shoot a sling bullet. The sling bullet hits the endoplasm.
The endoplasm is almost dead.
A nearby demonic plant withers and dies.
The frilled lizard bites the demonic plant.
The endoplasm hits you.
* * * LOW HITPOINT WARNING * * *
Okay, then.
It was a potion of degeneration.
There was something very wrong with that liquid.
You feel weakened.
You feel dopey.
You feel clumsy.
The frilled lizard bites the demonic plant.
The endoplasm freezes you.
You are frozen.
You die...

##### #
#....###.
###
#.P..P.P# ..
#PP.P...##.
#.....P...#
_PP.P..P.P#
#.P.PP..lJ##
#PP...P.##@#
#P..P.P.####
#..(P###.#
####
#§.#######.
#..........
#........#
#..#####.#
#..# ##§.#


You could see an endoplasm and a frilled lizard.

Vanquished Creatures
  A bat (D:1)
1 creature vanquished.

Vanquished Creatures (collateral kills)
  A foxfire (D:1)
1 creature vanquished.

Vanquished Creatures (others)
  3 demonic plants (D:1)
  5 foxfires (D:1)
8 creatures vanquished.

Grand Total: 10 creatures vanquished

Notes
Turn   | Place    | Note
-------+----------+-------------------------------------------
     0 | D:1      | croobank the Demigod Fire Elementalist began the quest for
                  | the Orb.
     0 | D:1      | Reached XP level 1. HP: 14/14 MP: 5/5
   113 | D:1      | Frozen to death by an endoplasm

Illustrated notes

Levels and vault maps discovered:
D:1:      dpeg_arrival_long_road, layout_loops_ring,
          shapermc_ecumenical_altar_gd

Action                   || total
-------------------------++-------
 Fire: Sling             ||     6
 Cast: Foxfire           ||     4
  Use: Potion            ||     1
Armor: Robe              ||     5
Dodge: Dodged            ||     7
